 Dungeon Crawl Stone Soup version 0.31-a0-1308-ga3cce3a448 (webtiles) character file.

Game seed: 3768142032127333104

278369 Lobster4 the Cloud Mage (level 20, -11/128 HPs)
             Began as a Human Air Elementalist on Dec 19, 2023.
             Was the Champion of Vehumet.
             Killed from afar by a deep elf sorcerer (48 damage)
             ... with damnation
             ... on level 3 of the Elven Halls.
             The game lasted 03:02:20 (54866 turns).

Lobster4 the Cloud Mage (Human Air Elementalist)   Turns: 54866, Time: 03:02:21

Health: -11/128    AC: 20    Str: 13 (14) XL:     20   Next: 42%
Magic:  26/48      EV: 19    Int: 22      God:    Vehumet [******]
Gold:   2850       SH:  0    Dex: 14      Spells: 8/49 levels left

rFire   + . .        a - staff of air
rCold   + . .        x - orb {*channel}
rNeg    + + .        g - +3 ring mail {rF+}
rPois   +            Y - +0 helmet of the Morning {rElec rPois rN++}
rElec   +            X - +1 cloak of Starlight {*Dazzle EV+4 Stlth--}
rCorr   .            S - +0 pair of gloves of Apathy {MP+9 Int+3}
SInv    +            m - +3 pair of boots of Riova {rElec Stlth+}
Will    ++...        s - amulet of the Air {Inacc Air Fly rElec RMsl} Stlth
                     K - ring of see invisible
HPRegen 0.00/turn    y - ring of protection from cold
MPRegen 0.31/turn

%: inaccuracy (-5), repel missiles, channel magic (20%)
@: sick, enlightened, flying
A: explore regen, frail 1
}: 2/15 runes: serpentine, barnacled
a: Renounce Religion


You were on level 3 of the Elven Halls.
You worshipped Vehumet.
Vehumet was exalted by your worship.
You visited 6 branches of the dungeon, and saw 28 of its levels.
You visited the Abyss 1 time.
You also visited: Sewer, Gauntlet and Volcano.

You collected 3585 gold pieces.
You spent 735 gold pieces at shops.

Inventory:

Hand Weapons
 v - a +5 short sword of flaming
Missiles
 c - 4 curare-tipped darts (quivered)
Armour
 g - a +3 ring mail of fire resistance (worn)
 m - the +3 pair of boots of Riova (worn) {rElec Stlth+}
   (You acquired it on level 1 of the Orcish Mines)

   rElec:     It insulates you from electricity.
   Stlth+:    It makes you more stealthy.
 x - an orb of energy (worn)
 L - a +1 robe of cold resistance
 P - a +2 hat of see invisible
 S - the +0 pair of gloves of Apathy (worn) {MP+9 Int+3}
   (You found it in a Gauntlet)

   Int+3:     It affects your intelligence (+3).
   MP+9:      It affects your magic capacity (+9).
 V - a scarf of resistance
 X - the +1 cloak of Starlight (worn) {*Dazzle EV+4 Stlth--}
   (You found it on level 4 of the Lair of Beasts)

   *Dazzle:   It may blind those who miss an attack against the wearer in melee
   combat.
   EV+4:      It affects your evasion (+4).
   Stlth--:   It makes you much less stealthy.
 Y - the +0 helmet of the Morning (worn) {rElec rPois rN++}
   (You found it on level 5 of the Lair of Beasts)

   rElec:     It insulates you from electricity.
   rPois:     It protects you from poison rN++: It greatly protects you from
   negative energy.
Magical Staves
 a - a staff of air (weapon)
 o - the staff of the Thieving Augurer {rPois rF++ MP+9 Str-4 Ice Poison}
   (You found it on level 4 of the Shoals)

   [staff of poison]

   Base accuracy: +5 Base damage: 5 Base attack delay: 1.2 This weapon's minimum
   attack delay (0.6) is reached at skill level 12.
   Str-4:     It affects your strength (-4).
   rF++:      It greatly protects you from fire.
   rPois:     It protects you from poison MP+9: It affects your magic capacity
   (+9).
   Ice:       It increases the power of your Ice spells.
   Poison:    It increases the power of your Poison spells.
   It falls into the 'Staves' category.
   It is a one-handed weapon.
Jewellery
 h - a ring of resist corrosion
 s - the amulet of the Air (around neck) {Inacc Air Fly rElec RMsl}
   (You took it off an orc warrior on level 2 of the Orcish Mines)

   [amulet of nothing]

   Inacc:     It reduces the accuracy of your attacks and spells.
   Air:       It enhances your air magic.
   rElec:     It insulates you from electricity.
   Fly:       It grants you flight.
   RMsl:      It protects you from missiles.
 y - a ring of protection from cold (right hand)
 z - a ring of fire
 K - a ring of see invisible (left hand)
Wands
 j - a wand of polymorph (16)
 t - a wand of iceblast (15)
 D - a wand of mindburst (35)
 F - a wand of digging (12)
 Q - a wand of flame (10)
Scrolls
 e - 3 scrolls of immolation
 i - 4 scrolls of poison
 u - 4 scrolls of teleportation
 E - 10 scrolls of enchant weapon
 H - 2 scrolls of vulnerability
 J - 3 scrolls of blinking
 R - 5 scrolls of fog
 U - a scroll of revelation
 W - 8 scrolls of identify
 Z - 2 scrolls of fear
Potions
 b - 2 potions of magic
 d - 3 potions of brilliance
 f - 10 potions of curing
 k - 9 potions of attraction
 l - 4 potions of lignification
 p - 4 potions of mutation
 q - 6 potions of haste
 r - 2 potions of resistance
 w - 8 potions of might
 B - 5 potions of invisibility
 I - 4 potions of ambrosia
 M - a potion of cancellation
 N - a potion of enlightenment
 O - a potion of berserk rage
 T - a potion of heal wounds
Miscellaneous
 A - a lightning rod (4/4)
 G - a phantom mirror


   Skills:
 + Level 8.6 Fighting
 - Level 2.0 Short Blades
 - Level 3.0 Staves
 + Level 10.6 Armour
 - Level 10.0 Dodging
 - Level 2.0 Stealth
 + Level 15.1 Spellcasting
 + Level 16.3 Conjurations
 - Level 3.0 Translocations
 * Level 22.6 Air Magic
 - Level 3.0 Earth Magic
 - Level 1.0 Poison Magic
 - Level 3.0 Evocations


You had 8 spell levels left.
You knew the following spells:

 Your Spells              Type           Power      Damage    Failure   Level
a - Shock                 Conj/Air       100%       1d9       1%          1
b - Static Discharge      Conj/Air       100%       3-8/arc   1%          2
c - Airstrike             Air            65%        2d(10-26) 1%          4
d - Arcjolt               Conj/Air       62%        1d72      1%          5
e - Stone Arrow           Conj/Erth      100%       3d13      1%          3
f - Poisonous Vapours     Pois/Air       100%       N/A       1%          2
g - Iskenderun's Battles  Conj           73%        2d12      1%          5
h - Conjure Ball Lightni  Conj/Air       62%        3x3d22    1%          6
m - Maxwell's Capacitive  Air            65%        ∞         3%          8
s - Swiftness             Air            100%       N/A       1%          3
x - Blink                 Tloc           58%        N/A       10%         2

Your spell library contained the following spells:

 Spells                   Type           Power      Damage    Failure   Level
 Chain Lightning          Conj/Air       62%        3d82      61%         9
 Fire Storm               Conj/Fire      25%        8d7       100%        9
 Polar Vortex             Ice            8%         12d1*     100%        9
 Magic Dart               Conj           100%       1d8       1%          1
 Momentum Strike          Conj/Tloc      100%       3d10      1%          2
 Searing Ray              Conj           100%       2d8       1%          2
 Dazzling Flash           Conj/Hex       100%       N/A       1%          3
 Iskenderun's Mystic Bla  Conj/Tloc      56%        2d12      1%          4
 Fulminant Prism          Conj/Hex       25%        3d14      2%          4
 Cigotuvi's Dreadful Rot  Necr/Pois/Air  100%       N/A       3%          2
 Volatile Blastmotes      Fire/Tloc      46%        2d13      7%          3
 Silence                  Hex/Air        49%        N/A       7%          5
 Bombard                  Conj/Erth      28%        9d5       11%         6
 Passwall                 Tmut/Erth      19%        N/A       16%         2
 Summon Small Mammal      Summ           64%        N/A       17%         1
 Starburst                Conj/Fire      25%        6d8       17%         6
 Olgreb's Toxic Radiance  Pois           21%        N/A       21%         4
 Ensorcelled Hibernation  Hex/Ice        32%        N/A       24%         2
 Lee's Rapid Deconstruct  Erth           14%        3d9*      24%         5
 Call Canine Familiar     Summ           16%        N/A       38%         3
 Ozocubu's Armour         Ice            16%        N/A       38%         3
 Summon Guardian Golem    Hex/Summ       16%        N/A       38%         3
 Manifold Assault         Tloc           29%        N/A       38%         4
 Passage of Golubria      Tloc           29%        N/A       38%         4
 Animate Armour           Summ/Erth      46%        N/A       56%         4
 Leda's Liquefaction      Tmut/Erth      11%        N/A       56%         4
 Anguish                  Hex/Necr       8%         N/A       75%         4
 Cause Fear               Hex            8%         N/A       75%         4
 Summon Forest            Summ/Tloc      11%        N/A       85%         5
 Alistair's Intoxication  Tmut/Pois      12%        N/A       93%         5
 Eringya's Noxious Bog    Tmut/Pois      9%         4d6       93%         6
 Lehudib's Crystal Spear  Conj/Erth      28%        10d7      93%         8
 Metabolic Englaciation   Hex/Ice        8%         N/A       96%         5
 Simulacrum               Ice/Necr       8%         N/A       100%        6
 Enfeeble                 Hex            8%         N/A       100%        7
 Haunt                    Necr/Summ      8%         N/A       100%        7
 Ozocubu's Refrigeration  Ice            8%         4d9       100%        7
 Summon Hydra             Summ           8%         N/A       100%        7
 Borgnjor's Revivificati  Necr           8%         N/A       100%        8
 Death's Door             Necr           8%         N/A       100%        9


Dungeon Overview and Level Annotations

Branches:
Dungeon (10/15)            Temple (0/1) D:6            Lair (5/5) D:10
 Shoals (4/4) Lair:3        Snake (4/4) Lair:3        Slime (0/5) Lair:4
    Orc (2/2) D:9             Elf (3/3) Orc:2         Sewer (visited)
Volcano (visited)         Gauntlet (visited)

Altars:
Kikubaaqudgha
Uskayaw
Vehumet

Shops:
D:4 (   Orc:2 (=[*   Elf:1 (   Elf:3 :   Shoals:1 *   Snake:2 :=   Snake:4 [

Annotations:
Snake:2 1 runed translucent door, Wastoufi's ghost, adept GrFi
Elf:3 1 exclusion


Innate Abilities, Weirdness & Mutations

You regain HP and MP as you explore.
You are frail. (-10% HP)


Message History

You destroy the starcursed mass!
Vehumet accepts your kill.
You feel your power returning.
The starcursed mass is struck by an electric surge!!
The starcursed mass is almost destroyed.
The ancient zyme is struck by an electric surge!!!
You destroy the ancient zyme!
Vehumet accepts your kill.
You feel your power returning. Magical energy flows into your mind!
You hear a croak.
A starcursed mass comes into view.
You feel ill.
A starcursed mass splits.
Unknown command.
Casting: Arcjolt (mildly dangerous; 1% risk of failure)
Confirm with . or Enter, or press ? or * to list all spells.
You feel a strong surge of power!
Electricity surges outward!
The starcursed mass is struck by an electric surge!!!
You destroy the starcursed mass!
Vehumet accepts your kill.
You feel your power returning.
The starcursed mass is struck by an electric surge!
You destroy the starcursed mass!
Vehumet accepts your kill.
You feel your power returning.
The substance of the Abyss twists violently, and a gateway leading out appears!
The starcursed mass shrieks in your mind.
* * * LOW HITPOINT WARNING * * *
A large abomination comes into view.
Unknown command.
You feel ill.
Your memory of the abyssal rune fades away.
You pass through the gate.
Welcome back to the Elven Halls!
Level annotation: 1 exclusion The deep elf sorcerer casts a spell at you.
You resist the pull of the Abyss.
You feel more buoyant.
The deep elf sorcerer gestures at you while chanting.
The sphere of damnation explodes!
The damnation engulfs you!!!
You die...

##### ##...##
##.....##
##.......##
#.........#
#....[....#
#.......@.#
##e......##
##'.....##
##.##...#'##
##.####'###.##
#####)## #.#
##.##
###.##.## #.#
##.## ##...'##
#.# ##.##
...♣..## #.#
##.##


You could see a deep elf sorcerer.

Vanquished Creatures
  Norris (Elf:3)
  Nikola (Shoals:1)
  Zenata (Elf:2)
  Jorgrun (Orc:1)
  Asterion (Elf:2)
  Polyphemus (Shoals:2)
  A kraken (Shoals:3)
  2 tentacled starspawn (Abyss:4)
  Aizul (Elf:2)
  Donald (Snake:3)
  15 nagarajas
  Roxanne (Elf:1)
  A deep elf sorcerer (Elf:3)
  Louise (Snake:1)
  3 orc warlords (Orc:2)
  3 deep elf elementalists
  A cacodemon (Abyss:4)
  2 deep elf annihilators (Elf:3)
  A deep elf death mage (Elf:3)
  Azrael (Elf:2)
  5 deep elf demonologists (Elf:3)
  A minotaur (Gauntlet)
  An occultist (Abyss:4)
  A lorocyproca (Abyss:4)
  5 merfolk javelineers (Shoals:4)
  A great orb of eyes (Abyss:4)
  Josephine (Shoals:1)
  2 deep elf high priests
  9 merfolk impalers
  Fannar (Lair:3)
  Erolcha (D:10)
  8 salamander tyrants
  2 hydras
  5 anacondas
  A two-headed ogre (D:8)
  3 alligator snapping turtles
  5 merfolk aquamancers
  2 catoblepae
  9 death yaks
  19 naga warriors
  4 orc high priests
  28 dancing weapons
  9 naga sharpshooters
  25 deep elf knights
  5 shock serpents
  A wretched star (Abyss:4)
  Sonja (Orc:2)
  2 sixfirhies (Abyss:4)
  11 skysharks
  A glowing orange brain (Gauntlet)
  13 sea snakes
  A death drake (Abyss:4)
  Pikel (D:9)
  6 naga ritualists
  3 starcursed masses (Abyss:4)
  8 orc knights
  16 deep elf archers
  11 harpies
  34 deep elf zephyrmancers
  10 orc sorcerers
  28 deep elf pyromancers
  4 cyclopes
  3 fauns
  9 mana vipers
  9 manticores
  An ugly thing (Gauntlet)
  A wolf spider (D:10)
  Maurice (D:9)
  13 salamanders
  A worldbinder (Abyss:4)
  6 kobold blastminers
  6 elephants
  4 large abominations (Abyss:4)
  19 naga magi
  31 black mambas
  6 merfolk sirens
  A smoke demon (Abyss:4)
  7 guardian serpents
  3 water nymphs
  A torpor snail (Lair:4)
  A gargoyle (Gauntlet)
  18 cane toads
  5 rime drakes
  Jeremiah (Lair:1)
  4 kobold demonologists
  2 orange demons (Abyss:4)
  3 komodo dragons
  3 efreet (Volcano)
  An ancient zyme (Abyss:4)
  11 wind drakes
  2 trolls
  6 polar bears (Lair:5)
  6 hornets
  Grinder (D:4)
  26 merfolk
  38 blink frogs
  6 raiju (Abyss:4)
  7 snapping turtles
  7 dream sheep
  10 air elementals
  Sigmund (D:2)
  14 spriggans (Lair:5)
  23 water elementals
  48 yaks
  4 wyverns
  3 wraiths (Shoals:1)
  Eustachio (D:4)
  8 fire elementals
  3 steam dragons
  3 wargs
  4 basilisks
  2 chaos spawn (Abyss:4)
  32 nagas
  Edmund (D:4)
  15 water moccasins
  A hell hound (Elf:2)
  Duvessa (D:4)
  44 orc warriors
  4 black bears
  3 sky beasts
  An ice beast (D:5)
  12 ogres
  5 small abominations (Abyss:4)
  34 wolves
  3 boggarts (Lair:5)
  3 lemures (D:9)
  6 centaurs
  A kobold brigand (D:9)
  A phantom (D:6)
  2 earth elementals
  16 bullfrogs
  A gnoll sergeant (D:8)
  3 scorpions
  Dowan (D:4)
  4 wights (D:8)
  9 killer bees
  2 electric eels (Lair:5)
  5 lava snakes (D:7)
  2 hounds (D:6)
  5 jellies
  25 orc priests
  Crazy Yiuf (D:2)
  A sleepcap (D:5)
  4 iguanas
  31 orc wizards
  Natasha (thrice) (D:2)
  5 gnolls (D:8)
  22 adders
  A river rat (Sewer)
  2 white imps
  3 ufetubi (D:5)
  2 worms
  7 dart slugs
  131 orcs
  18 ball pythons
  4 bats
  16 endoplasms
  7 giant cockroaches
  5 goblins
  5 hobgoblins
  8 jackals
  16 kobolds
  3 quokkas
  A frilled lizard (D:1)
  6 rats
  3 starspawn tentacles (Abyss:4)
  3 tentacles (Shoals:3)
1288 creatures vanquished.

Vanquished Creatures (collateral kills)
  A titan (Shoals:4)
  23 ball lightnings
24 creatures vanquished.

Vanquished Creatures (others)
  338 ball lightnings
  4 starspawn tentacles (Abyss:4)
  9 tentacles (Shoals:3)
351 creatures vanquished.

Grand Total: 1663 creatures vanquished

Notes
Turn   | Place    | Note
-------+----------+-------------------------------------------
     0 | D:1      | Lobster4 the Human Air Elementalist began the quest for the
                  | Orb.
     0 | D:1      | Reached XP level 1. HP: 13/13 MP: 3/3
   262 | D:1      | Reached XP level 2. HP: 20/20 MP: 1/5
   265 | D:1      | Learned a level 2 spell: Static Discharge
   681 | D:1      | Found a faded altar of an unknown god.
   795 | D:1      | Reached XP level 3. HP: 21/25 MP: 3/6
  1470 | D:2      | Reached skill level 1 in Fighting
  1538 | D:2      | Noticed Sigmund
  1881 | D:2      | Noticed Natasha
  2096 | D:2      | Reached XP level 4. HP: 32/32 MP: 7/7
  2097 | D:2      | Reached skill level 1 in Armour
  2832 | D:3      | Reached skill level 1 in Short Blades
  2929 | D:2      | Reached XP level 5. HP: 37/37 MP: 1/8
  3170 | D:3      | Identified the +0 leather armour of Myteg {Int+4}
  3622 | D:3      | Reached skill level 4 in Air Magic
  3936 | D:4      | Found a radiant altar of Vehumet.
  3945 | D:4      | Became a worshipper of Vehumet
  3990 | D:4      | Noticed Dowan
  3991 | D:4      | Noticed Duvessa
  4076 | D:4      | Noticed Eustachio
  4099 | D:4      | Reached XP level 6. HP: 44/44 MP: 7/9
  4251 | D:4      | Noticed Grinder
  4263 | D:4      | Killed Grinder
  4264 | D:4      | Reached XP level 7. HP: 25/51 MP: 3/11
  4306 | D:4      | Noticed Edmund
  4332 | D:4      | Killed Edmund
  4333 | D:4      | Reached skill level 5 in Air Magic
  4351 | D:4      | Found a glowing drain.
  4355 | Sewer    | Entered a sewer
  4711 | Sewer    | Reached * piety under Vehumet
  4711 | Sewer    | Offered knowledge of Foxfire by Vehumet.
  4750 | Sewer    | Learned a level 3 spell: Swiftness
  4825 | Sewer    | Found a viscous altar of Jiyva.
  5486 | D:4      | Found Texegan's Weapon Boutique.
  5911 | D:4      | Killed Eustachio
  5912 | D:4      | Reached XP level 8. HP: 53/58 MP: 6/13
  6134 | D:4      | Found a hide-covered altar of Uskayaw.
  6277 | D:5      | Entered Level 5 of the Dungeon
  6283 | D:5      | Reached skill level 6 in Air Magic
  7281 | D:6      | Reached skill level 1 in Evocations
  7305 | D:6      | Noticed a yak
  7444 | D:6      | Killed a yak
  7445 | D:6      | Reached skill level 7 in Air Magic
  7469 | D:6      | Reached XP level 9. HP: 24/63 MP: 6/15
  7879 | D:5      | Learned a level 4 spell: Airstrike
  7882 | D:5      | Learned a level 2 spell: Blink
  8178 | D:6      | Found a staircase to the Ecumenical Temple.
  8613 | D:7      | Reached skill level 1 in Translocations
  9095 | D:7      | Reached skill level 5 in Conjurations
  9095 | D:7      | Reached skill level 8 in Air Magic
  9196 | D:7      | Reached skill level 5 in Spellcasting
  9267 | D:7      | Reached ** piety under Vehumet
  9277 | D:7      | Offered knowledge of Sandblast by Vehumet.
 10216 | D:2      | Killed Sigmund
 10225 | D:2      | Killed Natasha
 11249 | D:2      | Found a runed translucent door.
 11250 | D:2      | Noticed Crazy Yiuf
 11255 | D:2      | Killed Crazy Yiuf
 11359 | D:2      | Noticed Natasha
 11360 | D:2      | Killed Natasha
 11672 | D:2      | Noticed Natasha
 11674 | D:2      | Killed Natasha
 11675 | D:2      | Reached XP level 10. HP: 71/71 MP: 9/18
 11904 | D:4      | Killed Duvessa
 11909 | D:4      | Killed Dowan
 12160 | D:8      | Noticed a kobold demonologist
 12163 | D:8      | Killed a kobold demonologist
 12192 | D:8      | Reached skill level 9 in Air Magic
 12365 | D:8      | Noticed a two-headed ogre
 12550 | D:8      | Killed a two-headed ogre
 13190 | D:8      | Offered knowledge of Poisonous Vapours by Vehumet.
 13199 | D:8      | Learned a level 2 spell: Poisonous Vapours
 13351 | D:8      | Noticed a cyclops
 13363 | D:8      | Killed a cyclops
 13492 | D:8      | Reached skill level 10 in Air Magic
 13757 | D:8      | Reached *** piety under Vehumet
 14294 | D:9      | Found a staircase to the Orcish Mines.
 14398 | D:9      | Reached XP level 11. HP: 55/77 MP: 12/20
 14400 | D:9      | Offered knowledge of Inner Flame by Vehumet.
 14574 | D:9      | Reached **** piety under Vehumet
 14987 | D:9      | Noticed Maurice
 15117 | D:9      | Learned a level 3 spell: Stone Arrow
 15147 | D:9      | Killed Maurice
 15148 | D:9      | Reached skill level 11 in Air Magic
 15253 | D:9      | Offered knowledge of Arcjolt by Vehumet.
 15266 | D:9      | Learned a level 5 spell: Arcjolt
 15322 | D:9      | Noticed Pikel
 15329 | D:9      | Killed Pikel
 15536 | D:9      | Noticed a cyclops
 15625 | D:9      | Killed a cyclops
 15747 | D:10     | Entered Level 10 of the Dungeon
 15778 | D:9      | Reached skill level 1 in Earth Magic
 15917 | D:10     | Reached skill level 1 in Poison Magic
 16026 | D:10     | Found a staircase to the Lair.
 16418 | D:10     | Found an ancient bone altar of Kikubaaqudgha.
 16615 | D:10     | Noticed Erolcha
 16620 | D:10     | Killed Erolcha
 17150 | D:10     | Reached skill level 12 in Air Magic
 17477 | D:10     | Reached XP level 12. HP: 83/83 MP: 16/23
 17903 | Orc:1    | Entered Level 1 of the Orcish Mines
 17997 | Orc:1    | Reached ***** piety under Vehumet
 18024 | Orc:1    | Offered knowledge of Conjure Ball Lightning by Vehumet.
 18287 | Orc:1    | Noticed Jorgrun
 18297 | Orc:1    | Killed Jorgrun
 18298 | Orc:1    | Reached skill level 13 in Air Magic
 18385 | Orc:1    | Found a dark tunnel.
 18405 | Volcano  | Entered a volcano
 18960 | Orc:1    | Noticed an orc high priest
 18961 | Orc:1    | Identified a scroll of acquirement
 19104 | Orc:1    | Learned a level 6 spell: Conjure Ball Lightning
 19200 | Orc:1    | Killed an orc high priest
 19209 | D:9      | Acquired the +3 pair of boots of Riova {rElec Stlth+}
 19596 | Orc:1    | HP: 2/83 [orc warrior/+0 flail[an orc knight] (16)]
 20144 | Orc:2    | Entered Level 2 of the Orcish Mines
 20294 | Orc:2    | Found a staircase to the Elven Halls.
 20766 | Orc:2    | Noticed Sonja
 20771 | Orc:2    | Killed Sonja
 20780 | Orc:2    | Reached XP level 13. HP: 90/90 MP: 7/26
 20949 | Orc:2    | Noticed an orc warlord
 21088 | Orc:2    | Offered knowledge of Freezing Cloud by Vehumet.
 21282 | Orc:2    | Killed an orc warlord
 21283 | Orc:2    | Reached skill level 14 in Air Magic
 21508 | Orc:2    | Noticed an orc warlord
 21523 | Orc:2    | Killed an orc warlord
 21524 | Orc:2    | Reached skill level 5 in Fighting
 21804 | Orc:2    | Reached skill level 5 in Armour
 21930 | Orc:2    | Reached skill level 5 in Dodging
 22386 | Orc:2    | Reached skill level 10 in Conjurations
 23191 | Orc:2    | Offered knowledge of Plasma Beam by Vehumet.
 23648 | Orc:2    | Noticed an orc warlord
 23713 | Orc:2    | Killed an orc warlord
 24697 | Orc:2    | Found Qayhiz's Antique Armour Emporium.
 24698 | Orc:2    | Found Etiniorr's Antique Weapon Shoppe.
 24700 | Orc:2    | Found Meheano's General Store.
 24700 | Orc:2    | Found Zurofof's Jewellery Emporium.
 24762 | Orc:2    | Bought a pair of glowing boots for 240 gold pieces
 24870 | Lair:1   | Entered Level 1 of the Lair of Beasts
 25006 | D:10     | Reached XP level 14. HP: 60/100 MP: 27/27
 25122 | D:10     | Reached skill level 15 in Air Magic
 25177 | Lair:1   | Reached skill level 10 in Spellcasting
 25299 | Lair:1   | Noticed Jeremiah
 25303 | Lair:1   | Killed Jeremiah
 25648 | Lair:1   | Reached skill level 1 in Staves
 27758 | Lair:3   | Offered knowledge of Fireball by Vehumet.
 28174 | Lair:3   | Found a staircase to the Snake Pit.
 28187 | Lair:3   | Got Sif Muna's Lessons on Filth
 28366 | Lair:3   | Noticed Fannar
 28384 | Lair:3   | Killed Fannar
 28781 | Lair:3   | Found a staircase to the Shoals.
 29449 | Lair:4   | Found a gate leading to a gauntlet.
 29452 | Gauntlet | Entered a Gauntlet
 29452 | Gauntlet | Found a transporter.
 29452 | Gauntlet | Found a large runed translucent door.
 29452 | Gauntlet | Found a large runed translucent door.
 29452 | Gauntlet | Found a large runed translucent door.
 29452 | Gauntlet | Found a large runed translucent door.
 29452 | Gauntlet | Found a runed translucent door.
 29452 | Gauntlet | Found a runed translucent door.
 29452 | Gauntlet | Found a large runed translucent door.
 29452 | Gauntlet | Found a large runed translucent door.
 29452 | Gauntlet | Found a large runed translucent door.
 29452 | Gauntlet | Found a large runed translucent door.
 29452 | Gauntlet | Found a large runed translucent door.
 29452 | Gauntlet | Found a large runed translucent door.
 29453 | Gauntlet | Found a large runed translucent door.
 29453 | Gauntlet | Found a large runed translucent door.
 29466 | Gauntlet | Found a transporter.
 29476 | Gauntlet | Found a transporter.
 29481 | Gauntlet | Found a transporter.
 29498 | Gauntlet | Found a transporter.
 29517 | Gauntlet | Found a transporter.
 29529 | Gauntlet | Found a transporter.
 29541 | Gauntlet | Found a transporter.
 29553 | Gauntlet | Found a transporter.
 29559 | Gauntlet | Found a transporter.
 29559 | Gauntlet | Found a transporter.
 29571 | Gauntlet | Found a transporter.
 29593 | Gauntlet | Found a transporter.
 29610 | Gauntlet | Found a transporter.
 29628 | Gauntlet | Found a large runed translucent door.
 29629 | Gauntlet | Found a large runed translucent door.
 29633 | Gauntlet | Found a runed translucent gate.
 29633 | Gauntlet | Found a runed translucent gate.
 29633 | Gauntlet | Found a runed translucent gate.
 29635 | Gauntlet | Found a transporter.
 29637 | Gauntlet | Found a transporter.
 29643 | Gauntlet | Found a large runed translucent door.
 29644 | Gauntlet | Found a large runed translucent door.
 29657 | Gauntlet | Found a transporter.
 29735 | Gauntlet | Found a transporter.
 29945 | Gauntlet | Reached skill level 16 in Air Magic
 30086 | Gauntlet | Identified the +0 pair of gloves of Apathy {MP+9 Int+3}
 30103 | Gauntlet | Identified the staff of the Spinneret {rPois rC+ Str+2
                  | Int-4 Fire Ice}
 30179 | Gauntlet | Identified the +7 orcbow "Hesettar" {flame, ^Contam rC+
                  | Dex+3 Stlth+}
 30179 | Gauntlet | Identified the amulet of Jealousy {Spirit Dex+3}
 30717 | Lair:4   | Reached XP level 15. HP: 64/105 MP: 29/29
 31544 | Lair:4   | You are sucked into a shaft and drop 1 floor!
 31544 | Lair:5   | Entered Level 5 of the Lair of Beasts
 31858 | Lair:4   | Found the +1 cloak of Starlight {*Dazzle EV+4 Stlth--}
 31947 | Lair:4   | Found a staircase to the Slime Pits.
 32403 | Lair:5   | Identified the +0 helmet of the Morning {rElec rPois rN++}
 32663 | Lair:5   | Offered knowledge of Spellforged Servitor by Vehumet.
 33082 | Lair:5   | Reached skill level 17 in Air Magic
 34422 | Elf:1    | Entered Level 1 of the Elven Halls
 35032 | Shoals:1 | Entered Level 1 of the Shoals
 35032 | Shoals:1 | Noticed Nikola
 35138 | Shoals:1 | Killed Nikola
 35139 | Shoals:1 | Reached XP level 16. HP: 111/111 MP: 31/31
 35200 | Shoals:1 | Offered knowledge of Iskenderun's Battlesphere by Vehumet.
 35207 | Shoals:1 | Learned a level 5 spell: Iskenderun's Battlesphere
 35828 | Shoals:1 | Noticed Josephine
 35882 | Shoals:1 | Killed Josephine
 36180 | Shoals:1 | Reached skill level 18 in Air Magic
 36276 | Shoals:1 | Found Huteerhu's General Store.
 36287 | Shoals:1 | Bought a scroll of teleportation for 33 gold pieces
 37221 | Shoals:2 | Noticed Polyphemus
 37230 | Shoals:2 | Killed Polyphemus
 38059 | Shoals:2 | Reached skill level 10 in Dodging
 39344 | Shoals:3 | Noticed a kraken
 39568 | Shoals:3 | Killed a kraken
 39713 | Shoals:4 | Entered Level 4 of the Shoals
 40472 | Shoals:4 | Reached XP level 17. HP: 64/117 MP: 24/33
 40638 | Shoals:4 | Reached skill level 19 in Air Magic
 40860 | Shoals:4 | Reached ****** piety under Vehumet
 41446 | Shoals:4 | Noticed a titan
 41743 | Shoals:4 | Killed a titan
 42052 | Shoals:4 | Got a barnacled rune of Zot
 42063 | Shoals:4 | Identified the staff of the Thieving Augurer {rPois rF++
                  | MP+9 Str-4 Ice Poison}
 42648 | Snake:1  | Entered Level 1 of the Snake Pit
 42754 | Snake:1  | Noticed Louise
 42795 | Snake:1  | Killed Louise
 43717 | Snake:2  | Offered knowledge of Ignition by Vehumet.
 44101 | Snake:2  | Reached skill level 20 in Air Magic
 44500 | Snake:2  | Noticed Wastoufi's ghost (adept GrFi)
 44503 | Snake:2  | Found a runed translucent door.
 44567 | Snake:2  | Found Loamaq's Book Emporium.
 44569 | Snake:2  | Found Kug Haereth's Jewellery Boutique.
 44571 | Snake:2  | Found Funaamm's Book Emporium.
 45094 | Snake:3  | Reached XP level 18. HP: 123/123 MP: 29/35
 45110 | Snake:3  | Noticed Donald
 46429 | Snake:3  | Killed Donald
 46533 | Snake:3  | Upgraded the game from 0.31-a0-1300-gb6740aa4e6 to
                  | 0.31-a0-1308-ga3cce3a448
 46545 | Snake:4  | Entered Level 4 of the Snake Pit
 46707 | Snake:4  | Offered knowledge of Fire Storm by Vehumet.
 46707 | Snake:4  | Offered knowledge of Chain Lightning by Vehumet.
 46707 | Snake:4  | Offered knowledge of Polar Vortex by Vehumet.
 46724 | Snake:4  | Learned a level 8 spell: Maxwell's Capacitive Coupling
 46831 | Snake:4  | Found Xyjiorph's Antique Armour Shoppe.
 46900 | Snake:4  | Bought a steaming orb for 462 gold pieces
 46900 | Snake:4  | Identified the orb "Deepnafa" {mayhem, rElec Str+3} (You
                  | bought it in a shop on level 4 of the Snake Pit)
 47418 | Snake:4  | Reached skill level 15 in Conjurations
 47864 | Snake:4  | Reached skill level 21 in Air Magic
 48859 | Snake:4  | Got a serpentine rune of Zot
 49376 | Elf:1    | Found Syxzod's Antique Weapon Emporium.
 49380 | Elf:1    | Paralysed by an air elemental for 1 turns
 49643 | Elf:1    | Noticed Roxanne
 49654 | Elf:1    | Killed Roxanne
 49655 | Elf:1    | Reached XP level 19. HP: 129/129 MP: 22/37
 50175 | Elf:1    | Got the Collected Works on Hurting
 50252 | Elf:2    | Noticed Azrael
 50255 | Elf:2    | Killed Azrael
 51032 | Elf:2    | Noticed Zenata
 51369 | Elf:1    | Found a radiant altar of Vehumet.
 51536 | Elf:2    | Found a runed translucent gate.
 51536 | Elf:2    | Found a runed translucent gate.
 51536 | Elf:2    | Found a runed translucent gate.
 51569 | Elf:2    | Killed Zenata
 51983 | Elf:2    | Noticed Asterion
 51988 | Elf:2    | Killed Asterion
 52208 | Elf:2    | Identified the serpent talisman of Generosity {rC+}
 52208 | Elf:2    | Noticed Aizul
 52213 | Elf:2    | Killed Aizul
 52343 | Elf:2    | Reached skill level 10 in Armour
 52469 | Elf:2    | Reached skill level 22 in Air Magic
 52916 | Elf:3    | Entered Level 3 of the Elven Halls
 53540 | Elf:3    | Reached XP level 20. HP: 98/141 MP: 27/38
 53846 | Elf:3    | Noticed Norris
 54088 | Elf:3    | Killed Norris
 54110 | Elf:3    | Reached skill level 15 in Spellcasting
 54131 | Elf:3    | Noticed a Brimstone Fiend
 54277 | Elf:3    | Found Ciablag's Book Shop.
 54458 | Abyss:4  | Cast into level 4 of the Abyss (a deep elf sorcerer)
 54579 | Abyss:4  | Gained mutation: You are frail. (-10% HP) [a cacodemon]
 54865 | Elf:3    | Escaped the Abyss
 54866 | Elf:3    | Killed from afar by a deep elf sorcerer

Illustrated notes

Levels and vault maps discovered:
D:1:      kilobyte_arrival_exit_the_forest, layout_rooms,
          ebering_ecumenical_altar_box, chequers_serial_rivers_small_3,
          columned_hall_lemuel, minivault_4, ebering_dispersal_statue_hall
D:2:      wander_river, layout_basic, uniq_natasha, uniq_sigmund,
          uniq_crazy_yiuf_cottage
D:3:      layout_basic
D:4:      layout_basic, mainiacjoe_overflow_two_lobes,
          mainiacjoe_sewer_entry_somewhere_in_here_2, serial_shops, shop,
          uniq_edmund, uniq_eustachio, uniq_duvessa, uniq_grinder
D:5:      layout_gridville, amcnicky_mini_pool_small
D:6:      hangedman_cross_stitches, layout_cave_pools,
          minmay_temple_entry_glassed_door, serial_column_ruins,
          column_ruins_corridor_straight, column_ruins_corridor_corner,
          column_ruins_open_tiny, column_ruins_grid_4
D:7:      layout_basic, kennysheep_boxes
D:8:      layout_rooms, special_room [special_room_orc], kb_rosetta
D:9:      layout_roguey [special_room_orc], orc_0_dummy, uniq_maurice,
          uniq_pikel
D:10:     layout_stronghold, mainiacjoe_overflow_small_starburst,
          lair_entry_dummy, nrook_uturn, uniq_erolcha
Lair:1:   minmay_lair_venomous_thicket, layout_chaotic_city,
          lemuel_fruit_fields, uniq_jeremiah
Lair:2:   layout_gridlike
Lair:3:   layout_roguey, minmay_shoals_entry_hut,
          minmay_snake_entry_six_corridors, grunt_megastairs_1,
          infiniplex_staircase_pool_2, lemuel_fruit_tree, uniq_fannar
Lair:4:   layout_regular_city, slime_entry_1, gauntlet_entry_generic, pond,
          grunt_megastairs_5
Lair:5:   minmay_lair_end_enchanted_forest, layout_gridlike, st_stairs_8,
          lemuel_fruit_fields, serial_bayou_shore_a
Shoals:1: layout_shoals, serial_shops, nicolae_shop_advertising_works
          [nicolae_subvault_shop_adworks], uniq_nikola, uniq_josephine
Shoals:2: layout_shoals, uniq_polyphemus
Shoals:3: layout_shoals
Shoals:4: shoals_end_hellmonk_storm_palace [storm_palace_center_circular,
          storm_palace_corner_blocked, storm_palace_corner_narrow,
          storm_palace_corner_grid, storm_palace_corner_pillars]
Snake:1:  layout_gridlike, uniq_louise
Snake:2:  nicolae_snakescales, layout_misc_corridors,
          hellmonk_ghost_happy_afterlife, abandoned_shop, minmay_shop_grove
Snake:3:  layout_grid_shapes, grunt_megastairs_2, uniq_donald
Snake:4:  grunt_snake_rune_spirals, layout_onion_interference, serial_shops,
          shop
Orc:1:    layout_caves, enter_volcano_4, uniq_jorgrun
Orc:2:    st_orc_congregation, layout_caves, minmay_orc_treasury, uniq_sonja
Elf:1:    eino_elf_arrival_customs, layout_geoelf_octagon, serial_shops,
          nicolae_shop_tiny_real_fake_doors, kennysheep_underground_church,
          lemuel_upstairs_altar, uniq_roxanne
Elf:2:    nicolae_elf_blades_crystal_corner, layout_loops_corners,
          uniq_asterion, uniq_aizul, uniq_azrael, uniq_zenata
Elf:3:    minmay_elf_hall_quartered_circle, layout_geoelf_octagon, serial_shops,
          shop_statue, uniq_norris

Skill      XL: |  1  2  3  4  5  6  7  8  9 10 11 12 13 14 15 16 17 18 19 20 |
---------------+-------------------------------------------------------------+-----
Fighting       | 1 2 3 4 6 8 |  8.6
Armour         | 1 2 3 4 6 7 9 10 | 10.6
Short Blades   | 1 2 |  2.0
Air Magic      | 4 5 7 8 10 12 13 14 16 17 18 20 21 22 | 22.6
Conjurations   | 2 3 4 5 6 8 9 10 11 12 13 14 15 16 | 16.3
Dodging        | 3 4 6 7 9 10 | 10.0
Spellcasting   | 3 4 5 6 7 9 10 11 12 13 14 15 | 15.1
Evocations     | 2 3 |  3.0
Translocations | 2 3 |  3.0
Earth Magic    | 3 |  3.0
Poison Magic   | 1 |  1.0
Staves         | 3 |  3.0
Stealth        | |  2.0

Action                     |  1- 3 |  4- 6 |  7- 9 | 10-12 | 13-15 | 16-18 | 19-21 || total
---------------------------+-------+-------+-------+-------+-------+-------+-------++-------
  Melee: Short sword       |    23 |    20 |    14 |    33 |       |       |       ||    90
         Punch             |       |     1 |     1 |       |       |       |       ||     2
         Staff             |       |       |       |       |    17 |       |     3 ||    20
  Throw: Dart              |       |       |     9 |     5 |     3 |       |       ||    17
   Cast: Shock             |    73 |   102 |   139 |   136 |    36 |     3 |       ||   489
         Static Discharge  |       |    15 |    42 |    21 |     3 |     2 |       ||    83
         Airstrike         |       |       |    41 |   265 |   472 |   568 |   216 ||  1562
         Arcjolt           |       |       |       |    11 |    64 |    11 |    16 ||   102
         Poisonous Vapours |       |       |       |     1 |    16 |       |       ||    17
         Conjure Ball Ligh |       |       |       |     6 |    45 |    75 |    28 ||   154
         Swiftness         |       |       |       |     3 |     1 |     1 |       ||     5
         Stone Arrow       |       |       |       |     1 |    21 |    32 |    40 ||    94
         Iskenderun's Batt |       |       |       |       |       |   107 |    41 ||   148
         Maxwell's Capacit |       |       |       |       |       |       |     4 ||     4
  Evoke: Wand              |       |       |       |    10 |    10 |       |     4 ||    24
         Phantom mirror    |       |       |       |       |     1 |     1 |     1 ||     3
    Use: Scroll            |       |     6 |    10 |     6 |     8 |     7 |     2 ||    39
         Potion            |       |     1 |     2 |     4 |     3 |     4 |     7 ||    21
   Stab: Sleeping          |     2 |       |     1 |       |       |       |       ||     3
 Armour: Robe              |    11 |     3 |       |    42 |       |       |       ||    56
         Leather armour    |       |    69 |   106 |   123 |   173 |       |       ||   471
         Ring mail         |       |       |       |       |    33 |   218 |   118 ||   369
  Dodge: Dodged            |    24 |    48 |    62 |    84 |   136 |   188 |    96 ||   638
         Repelled          |       |       |       |       |     3 |    16 |     6 ||    25

Table legend: (Time is in decaauts)
 A = Elapsed time spent in this place.
 B = Non-inter-level travel time spent in this place.
 C = Inter-level travel time spent in this place.
 D = Time resting spent in this place.
 E = Time spent auto-exploring this place.
 F = Levels seen in this place.
 G = Mean time per level.
                   A        B        C        D        E       F      G
               +--------+--------+--------+--------+--------+-----+--------+
         Total |  54893 |  51567 |   3326 |  17697 |  23607 |  32 | 1715.4 |
       Dungeon |  18268 |  16726 |   1542 |   5205 |   8599 |  10 | 1826.8 |
          Lair |   8396 |   7771 |    625 |   1856 |   4758 |   5 | 1679.2 |
        Shoals |   7507 |   7327 |    180 |   2648 |   3531 |   4 | 1876.8 |
     Snake Pit |   6219 |   5853 |    366 |   2355 |   1913 |   4 | 1554.8 |
  Orcish Mines |   6131 |   5744 |    387 |   2669 |   1770 |   2 | 3065.5 |
   Elven Halls |   5691 |   5466 |    225 |   1937 |   2332 |   3 | 1897.0 |
         Abyss |    405 |    405 |      0 |     92 |      0 |   1 |  405.0 |
         Sewer |    709 |    709 |      0 |    165 |    426 |   1 |  709.0 |
       Volcano |    522 |    522 |      0 |    348 |      0 |   1 |  522.0 |
      Gauntlet |   1041 |   1041 |      0 |    421 |    278 |   1 | 1041.0 |
               +--------+--------+--------+--------+--------+-----+--------+

Top non-repeatable levels by time:
     D:2: 3342 daAuts
   Orc:2: 3313 daAuts
  Lair:3: 2993 daAuts
   Orc:1: 2818 daAuts
   Elf:2: 2791 daAuts
Shoals:4: 2648 daAuts
    D:10: 2629 daAuts
 Snake:4: 2390 daAuts
     D:8: 2298 daAuts
     D:9: 2034 daAuts
  Lair:5: 1991 daAuts
     D:4: 1664 daAuts
Shoals:1: 1651 daAuts
Shoals:2: 1628 daAuts
   Elf:1: 1586 daAuts
